 Dungeon Crawl Stone Soup version 0.31-a0-354-g827e0957a7 (webtiles) character file.

Game seed: 13155430846415748982

2765 avis the Fighter (level 9, -26/90 HPs)
             Began as a Hill Orc Shapeshifter on July 23, 2023.
             Was a Follower of Beogh.
             Annihilated by a very large slime creature (53 damage)
             ... on level 7 of the Dungeon on July 24, 2023.
             The game lasted 00:43:51 (7432 turns).

avis the Fighter (Hill Orc Shapeshifter)            Turns: 7432, Time: 00:43:51

Health: -26/90     AC: 16    Str: 20 (22) XL:     9   Next: 69%
Magic:  14/16      EV:  5    Int:  7 (8)  God:    Beogh [*.....]
Gold:   403        SH:  3    Dex: 11      Spells: 8/8 levels left

rFire   . . .        a - +0 whip (venom)
rCold   . . .        K - +0 buckler
rNeg    . . .        o - +0 plate armour
rPois   +            h - +0 helmet
rElec   .            v - +0 cloak
rCorr   .            k - +3 pair of gauntlets of War {Slay+5}
SInv    .            (no boots)
Will    .....        A - amulet of the acrobat Stlth
                     C - ring of poison resistance
HPRegen 0.35/turn    (no ring)
MPRegen 0.15/turn

%: acrobat
@: no status effects
A: no striking features
a: Renounce Religion


You were on level 7 of the Dungeon.
You worshipped Beogh.
Beogh was aware of your devotion.
You visited 2 branches of the dungeon, and saw 8 of its levels.

You collected 403 gold pieces.

Inventory:

Hand Weapons
 a - a +0 whip of venom (weapon)
 b - a +2 whip of holy wrath
 e - a +3 rapier of venom
 m - a +2 war axe of flaming
 Q - a +2 whip of electrocution
Missiles
 s - 4 javelins
 D - 12 poisoned darts (quivered)
Armour
 h - a +0 helmet (worn)
 k - the +3 pair of gauntlets of War (worn) {Slay+5}
   (You found it on level 2 of the Dungeon)

   Slay:      It affects your accuracy & damage with ranged weapons and melee
   (+5).
 o - a +0 plate armour (worn)
 v - a +0 cloak (worn)
 K - a +0 buckler (worn)
Jewellery
 p - an amulet of the acrobat
 A - an amulet of the acrobat (around neck)
 C - a ring of poison resistance (left hand)
 G - a ring of protection from cold
 R - a ring of protection from fire
Talismans
 c - a beast talisman
Wands
 t - a wand of flame (17)
 y - a wand of digging (6)
 H - a wand of light (3)
 S - a wand of polymorph (6)
 Z - a wand of paralysis (14)
Scrolls
 d - 3 scrolls of teleportation {unknown}
 l - 2 scrolls of revelation {unknown}
 n - a scroll of blinking {unknown}
 q - 3 scrolls of amnesia {unknown}
 w - a scroll of identify
 x - 2 scrolls of vulnerability {unknown}
 I - 4 scrolls of immolation {unknown}
 L - 3 scrolls of poison {unknown}
 V - a scroll of acquirement {unknown}
 X - 3 scrolls of enchant armour {unknown}
 Y - a scroll of silence {unknown}
Potions
 f - a potion of berserk rage
 g - 2 potions of haste
 i - a potion of might
 j - a potion of invisibility
 u - a potion of mutation {unknown}
 z - a potion of resistance
 B - a potion of magic
 U - a potion of brilliance {unknown}
 W - 2 potions of curing


   Skills:
 * Level 11.6 Fighting
 - Level 2.0 Dodging
 - Level 5.0 Unarmed Combat
 - Level 10.0 Invocations
 - Level 2.6 Shapeshifting


You had 8 spell levels left.
You didn't know any spells.
Your spell library contained the following spells:

 Spells                   Type           Power      Damage    Failure   Level
 Summon Guardian Golem    Hex/Summ       0%         N/A       100%        3
 Orb of Destruction       Conj           0%         9d5       100%        7
 Spellforged Servitor     Conj/Summ      0%         N/A       100%        7


Dungeon Overview and Level Annotations

Branches:
Dungeon (7/15)             Temple (1/1) D:7

Altars:
Ashenzari
Cheibriados
Dithmenos
Elyvilon
Fedhas
Hepliaklqana
Makhleb
Nemelex Xobeh
Okawaru
Qazlal
Ru
Sif Muna
Trog
Uskayaw
Vehumet
Wu Jian
Xom
Zin
The Shining One

Annotations:
D:5 3 runed translucent doors, cforsyth's ghost, novice GnAr


Message History

You block the large slime creature's attack.
You whack the large slime creature!
The large slime creature is moderately wounded.
The large slime creature hits you!!
Aiming: Smiting
Press: ? - help, Dir - move target, f - large slime creature Smite: a large slime creature (moderately wounded, extremely poisoned)
You smite the large slime creature!!
The large slime creature is heavily wounded.
You can no longer smite your foes.
The large slime creature hits you but does no damage.
Okay, then.
Unknown command.
You whack the large slime creature!
The large slime creature is severely wounded.
The large slime creature hits you but does no damage.
You whack the large slime creature!
The large slime creature looks as sick as possible!
The large slime creature is severely wounded.
The large slime creature hits you!! The large slime creature hits you!
* * * LOW HITPOINT WARNING * * *
You hit the large slime creature.
The large slime creature is severely wounded.
The large slime creature completely misses you.
Two slime creatures merge to form a very large slime creature.
Things that are here:
a +0 dagger; a kobold corpse
Aiming: Bolt of Light
Press: ? - help, Shift-Dir - straight line, f/p - very large slime creature
Aim: a very large slime creature (heavily wounded, very poisoned, 94% to hit)
The bolt of light hits the very large slime creature!
The very large slime creature is severely wounded.
The bolt of light hits the endoplasm!
You kill the endoplasm!
Beogh accepts your kill.
You whack the very large slime creature!
The very large slime creature is severely wounded.
The very large slime creature hits you!!!
Ouch! That really hurt!
You die...

..#############.....##
........#...##.......#
........#...##.......#
........#...##.......#
........#...##.......#
..##...###.######....#
..##...###.###..'....#
...#.......##.########
...#.......###..@J.J##
...#.......# #######J#
...#.......#
.P.J.P...#
...#.......#
.P.P.PJ..#
.^###..###.#
.PJP.JJ..#
..###..###.#
.J.P.P.÷÷####
..)........#
.J.PJP...##.#
...<)......#
)P÷P.P÷P.##.#
...........#
###########.#


You could see a very large slime creature (very poisoned), a jelly and an
endoplasm.

Vanquished Creatures
  Pikel (D:5)
  Prince Ribbit (D:5)
  Eustachio (D:6)
  A steam dragon (D:6)
  3 black bears (D:6)
  2 ogres
  A centaur (D:7)
  A phantom (D:4)
  A gnoll sergeant (D:6)
  2 scorpions
  A howler monkey (D:5)
  4 jellies
  Crazy Yiuf (D:2)
  2 hounds (D:6)
  An orc priest (D:6)
  2 gnoll boudas
  4 iguanas
  2 sleepcaps
  9 orc wizards
  Terence (D:2)
  11 gnolls
  8 adders
  A white imp (D:6)
  2 worms (D:2)
  28 orcs
  5 bats
  2 endoplasms
  5 giant cockroaches
  4 hobgoblins
  13 jackals
  19 kobolds
  7 quokkas
  4 ball pythons
  5 frilled lizards
  7 goblins
  5 rats
167 creatures vanquished.

Vanquished Creatures (others)
  A gnoll (D:6)
1 creature vanquished.

Grand Total: 168 creatures vanquished

Notes
Turn   | Place    | Note
-------+----------+-------------------------------------------
     0 | D:1      | avis the Hill Orc Shapeshifter began the quest for the Orb.
     0 | D:1      | Reached XP level 1. HP: 16/16 MP: 1/1
   143 | D:1      | Reached skill level 2 in Fighting
   193 | D:1      | Reached XP level 2. HP: 22/25 MP: 2/2
   266 | D:1      | Reached skill level 3 in Fighting
   443 | D:1      | Reached XP level 3. HP: 31/31 MP: 3/3
  1004 | D:2      | Found the +3 pair of gauntlets of War {Slay+5}
  1387 | D:2      | Noticed Terence
  1392 | D:2      | Killed Terence
  1393 | D:2      | Reached skill level 4 in Fighting
  1393 | D:2      | Reached XP level 4. HP: 32/40 MP: 4/4
  1680 | D:2      | Found a runed translucent door.
  1681 | D:2      | Noticed Crazy Yiuf
  1688 | D:2      | Killed Crazy Yiuf
  1689 | D:2      | Reached skill level 5 in Fighting
  1689 | D:2      | Reached XP level 5. HP: 41/48 MP: 5/5
  2316 | D:3      | Reached skill level 6 in Fighting
  2492 | D:3      | Reached XP level 6. HP: 58/58 MP: 6/6
  2838 | D:4      | Reached skill level 7 in Fighting
  3103 | D:4      | Became a worshipper of Beogh the Brigand
  3130 | D:4      | Reached skill level 8 in Fighting
  3174 | D:4      | Reached XP level 7. HP: 68/68 MP: 7/7
  3446 | D:5      | Entered Level 5 of the Dungeon
  3449 | D:5      | Noticed Pikel
  3466 | D:5      | Killed Pikel
  3467 | D:5      | Reached XP level 8. HP: 71/74 MP: 7/13
  3721 | D:5      | Found a runed translucent gate.
  4094 | D:5      | Reached * piety under Beogh
  4262 | D:5      | Noticed Prince Ribbit
  4290 | D:5      | Killed Prince Ribbit
  4291 | D:5      | Reached skill level 10 in Invocations
  4533 | D:5      | Found a runed translucent gate.
  4533 | D:5      | Found a runed translucent gate.
  4534 | D:5      | Noticed cforsyth's ghost (novice GnAr)
  4776 | D:6      | Reached skill level 9 in Fighting
  4780 | D:6      | Reached XP level 9. HP: 57/83 MP: 16/16
  4935 | D:6      | Noticed Eustachio
  4974 | D:6      | Reached skill level 10 in Fighting
  4979 | D:6      | HP: 1/85 [gnoll/+0 spear[a gnoll bouda] (8)]
  5175 | D:6      | Killed Eustachio
  5176 | D:6      | Reached skill level 5 in Unarmed Combat
  6200 | D:6      | Reached skill level 11 in Fighting
  6816 | D:7      | Found a staircase to the Ecumenical Temple.
  6826 | Temple   | Entered the Ecumenical Temple
  7409 | D:7      | Reached ** piety under Beogh
  7432 | D:7      | Annihilated by a very large slime creature

Illustrated notes

Levels and vault maps discovered:
D:1:      dpeg_arrival_boxes_within_box, layout_loops_ring, nrook_mini_vaults
D:2:      layout_loops_cross, minivault_14, uniq_crazy_yiuf_cottage,
          uniq_terence
D:3:      layout_loops_corners
D:4:      layout_cave_pools, minivault_11
D:5:      layout_loops_corners, ebering_ghost_rock_garden,
          nicolae_elevator_lobby_asterisk, uniq_prince_ribbit1, uniq_pikel
D:6:      layout_layer_cave, kennysheep_donut, nicolae_grassy_gnolls,
          uniq_eustachio
D:7:      cheibrodos_fertilizer, layout_gridville,
          minmay_temple_entry_purple_smoke, nicolae_shop_gadgets
Temple:   nicolae_temple_bog_church

Skill      XL: |  1  2  3  4  5  6  7  8  9 |
---------------+----------------------------+-----
Fighting       | 2 3 4 5 6 8 9 11 | 11.6
Unarmed Combat | 4 5 |  5.0
Invocations    | 6 10 | 10.0
Dodging        | 2 |  2.0
Shapeshifting  | |  2.6

Action                     |  1- 3 |  4- 6 |  7- 9 || total
---------------------------+-------+-------+-------++-------
  Melee: Unarmed           |    91 |       |       ||    91
         Punch             |     4 |     2 |       ||     6
         Whip              |    10 |   156 |   290 ||   456
  Throw: Dart              |       |       |     7 ||     7
 Invoke: Convert to Beogh  |       |     1 |       ||     1
         Smiting           |       |       |     1 ||     1
Ability: Begin Untransform |     3 |       |       ||     3
  Evoke: Wand              |       |       |     2 ||     2
    Use: Potion            |       |       |     8 ||     8
         Scroll            |       |       |     4 ||     4
 Armour: Animal skin       |     5 |       |       ||     5
         Ring mail         |    12 |    61 |   132 ||   205
         Leather armour    |     1 |       |       ||     1
         Skin              |       |       |    39 ||    39
         Plate armour      |       |       |    59 ||    59
  Dodge: Dodged            |    44 |    73 |   153 ||   270
  Block: Buckler           |       |     3 |    45 ||    48
   Form: Beast             |     2 |       |       ||     2

Table legend: (Time is in decaauts)
 A = Elapsed time spent in this place.
 B = Non-inter-level travel time spent in this place.
 C = Inter-level travel time spent in this place.
 D = Time resting spent in this place.
 E = Time spent auto-exploring this place.
 F = Levels seen in this place.
 G = Mean time per level.
                   A        B        C        D        E       F      G
               +--------+--------+--------+--------+--------+-----+--------+
         Total |   7492 |   6788 |    704 |    910 |   3805 |   8 |  936.5 |
       Dungeon |   7463 |   6759 |    704 |    910 |   3805 |   7 | 1066.1 |
        Temple |     29 |     29 |      0 |      0 |      0 |   1 |   29.0 |
               +--------+--------+--------+--------+--------+-----+--------+

Top non-repeatable levels by time:
     D:6: 2092 daAuts
     D:5: 1325 daAuts
     D:3: 1006 daAuts
     D:2: 917 daAuts
     D:1: 879 daAuts
     D:4: 820 daAuts
     D:7: 421 daAuts
  Temple: 29 daAuts
